 Dungeon Crawl Stone Soup version 0.32-a0-928-g1cae6b7ea0 (webtiles) character file.

Game seed: 1460369789209928682

1355 Doorstop00 the Cudgeller (level 8, -1/73 HPs)
             Began as a Gargoyle Fighter on Apr 12, 2024.
             Incinerated by a bombardier beetle (3 damage)
             ... with a burning spray
             ... on level 5 of the Dungeon.
             The game lasted 00:18:44 (4533 turns).

Doorstop00 the Cudgeller (Gargoyle Fighter)         Turns: 4533, Time: 00:18:45

Health: -1/73      AC: 32    Str: 21    XL:     8   Next: 63%
Magic:  8/8        EV:  2    Int: 10    God:
Gold:   183        SH:  4    Dex:  9    Spells: 7/7 levels left

rFire   . . .        p - +0 morningstar
rCold   . . .        c - +0 buckler
rNeg    + . .        w - melded +0 chain mail
rPois   ∞            (helmet currently unavailable)
rElec   .            (cloak currently unavailable)
rCorr   .            (gloves currently unavailable)
SInv    .            v - melded +0 pair of boots
Will    .....        (no amulet)
Stlth   +            e - +4 ring of protection
HPRegen 0.32/turn    u - +4 ring of protection
MPRegen 0.11/turn

%: no passive effects
@: on fire, tree-form, glowing
A: stationary, stasis, torment immunity, boosted hp, sickness immunity, AC +5,
negative energy resistance 1, (electricity resistance), torment resistance 1,
petrification resistance
a: no special abilities


You were on level 5 of the Dungeon.
You were a tree.
You visited 1 branch of the dungeon, and saw 5 of its levels.

You collected 222 gold pieces.
You spent 39 gold pieces at shops.

Inventory:

Hand Weapons
 a - a +1 flail
 p - a +0 morningstar (weapon)
Armour
 b - a +0 scale mail
 c - a +0 buckler (worn)
 i - a +1 ring mail of cold resistance
 v - a +0 pair of boots (melded)
 w - a +0 chain mail (melded)
Jewellery
 e - a +4 ring of protection (left branch)
 q - a +6 ring of intelligence
 r - a ring of magical power
 u - a +4 ring of protection (right branch)
Wands
 n - a wand of iceblast (7)
 z - a wand of flame (22)
Scrolls
 h - a scroll of blinking
 j - 2 scrolls of poison
 l - a scroll of fear
 s - a scroll of enchant weapon
 t - a scroll of noise
 x - 3 scrolls of enchant armour
 y - a scroll of teleportation {unknown}
Potions
 d - a potion of might
 f - 2 potions of ambrosia
 g - 5 potions of attraction
 k - a potion of magic
 m - 2 potions of mutation
 A - a potion of enlightenment
 B - a potion of haste {unknown}


   Skills:
 * Level 5.0 Fighting
 * Level 6.7 Maces & Flails
 * Level 5.7 Armour
 * Level 2.9 Dodging
 + Level 0.8 Stealth
 * Level 5.5 Shields
 + Level 0.3 Evocations


You had 7 spell levels left.
You didn't know any spells.
Your spell library contained the following spells:

 Spells                   Type           Power      Damage    Failure   Level
 Jinxbite                 Hex            0%         N/A       56%         2
 Scorch                   Fire           0%         2d5       56%         2
 Passwall                 Erth           0%         N/A       80%         3
 Tukima's Dance           Hex            0%         N/A       80%         3
 Volatile Blastmotes      Fire/Tloc      0%         2d10      80%         3
 Dimensional Bullseye     Hex/Tloc       0%         N/A       99%         4
 Flame Wave               Conj/Fire      0%         2d4       99%         4
 Iskenderun's Mystic Bla Conj/Tloc 0%             2d3        (+2d1     99%         4
 Vhi's Electric Charge    Tloc/Air       0%         N/A       99%         4
 Yara's Violent Unravell  Hex/Alch       0%         3d3       100%        5
 Bombard                  Conj/Erth      0%         9d1       100%        6
 Summon Cactus Giant      Summ           0%         N/A       100%        6
 Enfeeble                 Hex            0%         N/A       100%        7


Dungeon Overview and Level Annotations

Branches:
Dungeon (5/15)
 Temple: D:4-7

Altars:
Elyvilon
Fedhas
Gozag
Makhleb
Trog

Shops:
D:4 :   D:5 ?

Annotations:
D:4 2 transporters


Innate Abilities, Weirdness & Mutations

You are a tree.
Your roots penetrate the ground, keeping you stationary.
You cannot be teleported.
You are immune to unholy pain and torment.
Your maximum health is greatly increased.
Your equipment is partially melded.
You are immune to sickness and miasma.
((Your stone body is resilient. (AC +5)))
You are immune to poison.
You resist negative energy. (rN+)
((You are resistant to electric shocks. (rElec)))
You are resistant to unholy torment.
You are immune to petrification.


Message History

You hit the bombardier beetle.
The bombardier beetle is lightly wounded.
The liquid fire burns you!
The bombardier beetle sprays incendiary fluid at you.
The burning spray hits you.
You are even more covered in liquid fire!
You closely miss the bombardier beetle.
The bombardier beetle is lightly wounded.
The liquid fire burns you!
The bombardier beetle sprays incendiary fluid at you.
The burning spray hits you.
You are even more covered in liquid fire!
You sock the bombardier beetle!
The bombardier beetle is severely wounded.
The liquid fire burns you!
The bombardier beetle bites you but does no damage.
You closely miss the bombardier beetle.
The bombardier beetle is severely wounded.
The liquid fire burns you!
* * * LOW HITPOINT WARNING * * *
You barely miss the bombardier beetle.
The bombardier beetle is severely wounded.
The liquid fire burns you!
* * * LOW HITPOINT WARNING * * *
The bombardier beetle barely misses you.
You hit the bombardier beetle but do no damage.
The bombardier beetle is severely wounded.
The liquid fire burns you!
* * * LOW HITPOINT WARNING * * *
You block the bombardier beetle's attack.
You turn into a tree.
Your +0 pair of boots melds into your body.
Your +0 chain mail melds into your body.
Your roots penetrate the ground.
The liquid fire burns you!
* * * LOW HITPOINT WARNING * * *
You sock the bombardier beetle!
You kill the bombardier beetle!
The liquid fire burns you!
You die...

#.........#≈≈≈≈#
#.#.###.....######
#.#.# #.#.........
#.#.# #.#.....##..
#.#.# #.#.....##.#
#.#.# #.#.....##.#
#.#.# #.########.#
#.#.# #.# #.#
#♣#.# #.# #)#.#
#.. #)#.# ###
#)#.# #.#.#
###.#.# #.....#
###.### ###


There were no monsters in sight!

Vanquished Creatures
  Pikel (D:5)
  Eustachio (D:5)
  Menkaure (D:5)
  An ogre (D:4)
  2 lemures (D:5)
  A phantom (D:5)
  2 bombardier beetles (D:5)
  2 hounds
  2 jellies
  A sleepcap (D:5)
  Ijyb (D:3)
  2 iguanas
  5 adders
  8 gnolls
  4 ribbon worms
  4 orcs
  6 ball pythons
  8 endoplasms
  3 giant cockroaches
  4 goblins
  11 hobgoblins
  6 jackals
  4 kobolds
  4 quokkas
  5 bats
  2 frilled lizards (D:2)
  6 rats
97 creatures vanquished.

Notes
Turn   | Place    | Note
-------+----------+-------------------------------------------
     0 | D:1      | Doorstop00 the Gargoyle Fighter began the quest for the
                  | Orb.
     0 | D:1      | Reached XP level 1. HP: 14/14 MP: 1/1
     6 | D:1      | Noticed a five-headed hydra
     6 | D:1      | Noticed an iguana
     6 | D:1      | Noticed a brain worm
     7 | D:1      | Noticed a black bear
   106 | D:1      | Reached XP level 2. HP: 18/19 MP: 2/2
   468 | D:1      | Reached XP level 3. HP: 15/24 MP: 3/3
   997 | D:2      | You fall into a shaft and drop 1 floor!
  1003 | D:3      | Reached skill level 3 in Maces & Flails
  1003 | D:3      | Reached XP level 4. HP: 29/29 MP: 4/4
  1514 | D:3      | Noticed Ijyb
  1525 | D:3      | Killed Ijyb
  1797 | D:3      | Reached XP level 5. HP: 33/33 MP: 5/5
  2091 | D:4      | Found a burning altar of Makhleb.
  2276 | D:4      | Reached skill level 1 in Dodging
  2279 | D:4      | Reached skill level 4 in Maces & Flails
  2419 | D:4      | Found Maed's Book Boutique.
  2500 | D:4      | Noticed a steam dragon
  2501 | D:4      | Found a transporter.
  2504 | D:4      | Found a transporter.
  2505 | D:4      | Noticed a yak
  2505 | D:4      | Noticed a centaur
  2524 | D:4      | Found an opulent altar of Gozag.
  2525 | D:4      | Found a blossoming altar of Fedhas.
  2740 | D:4      | Found a bloodstained altar of Trog.
  3293 | D:4      | Reached XP level 6. HP: 38/38 MP: 6/6
  3360 | D:5      | Entered Level 5 of the Dungeon
  3410 | D:5      | Noticed Eustachio
  3472 | D:5      | Killed Eustachio
  3636 | D:4      | Reached skill level 5 in Shields
  3636 | D:4      | Reached XP level 7. HP: 30/43 MP: 7/7
  3704 | D:5      | Noticed Menkaure
  3707 | D:5      | Killed Menkaure
  3708 | D:5      | Reached skill level 5 in Maces & Flails
  3729 | D:5      | HP: 1/44 [burnt (3)]
  3730 | D:5      | Reached skill level 5 in Armour
  3900 | D:5      | Found Dijalol's Magic Scroll Shoppe.
  3931 | D:5      | Bought a scroll of noise for 13 gold pieces
  3931 | D:5      | Bought a scroll of identify for 26 gold pieces
  4032 | D:5      | Noticed Pikel
  4068 | D:5      | Killed Pikel
  4069 | D:5      | Reached skill level 6 in Maces & Flails
  4069 | D:5      | Reached XP level 8. HP: 31/48 MP: 8/8
  4472 | D:5      | Reached skill level 5 in Fighting
  4489 | D:5      | Found a white marble altar of Elyvilon.
  4532 | D:5      | HP: 1/73 [burnt (4)]
  4533 | D:5      | Incinerated by a bombardier beetle

Illustrated notes

Levels and vault maps discovered:
D:1:      onia_arrival_zoo_common, layout_rooms, minmay_3d_cube
D:2:      layout_loops_cross
D:3:      layout_basic, uniq_ijyb
D:4:      layout_layer_cave, kennysheep_little_box, bloody_makhleb,
          gammafunk_temple_overflow_arena, serial_shops, shop
D:5:      layout_basic, general_overflow_altar, mainiacjoe_overflow_alcove_1,
          serial_shops, shop, uniq_menkaure, uniq_pikel, uniq_eustachio

Skill      XL: |  1  2  3  4  5  6  7  8 |
---------------+-------------------------+-----
Maces & Flails | 3 4 6 |  6.7
Dodging        | 1 2 |  2.9
Armour         | 4 5 |  5.7
Fighting       | 4 5 |  5.0
Shields        | 4 5 |  5.5
Stealth        | |  0.8
Evocations     | |  0.3

Action                     |  1- 3 |  4- 6 |  7- 9 || total
---------------------------+-------+-------+-------++-------
  Melee: Flail             |   102 |    50 |       ||   152
         Morningstar       |       |   125 |   122 ||   247
  Evoke: Wand              |       |       |     3 ||     3
    Use: Scroll            |     7 |     5 |     2 ||    14
         Potion            |       |     1 |     3 ||     4
 Armour: Scale mail        |    82 |       |       ||    82
         Ring mail         |    23 |    47 |       ||    70
         Chain mail        |       |   288 |    97 ||   385
  Dodge: Dodged            |    49 |   139 |    34 ||   222
  Block: Buckler           |    27 |    73 |    26 ||   126

Table legend: (Time is in decaauts)
 A = Elapsed time spent in this place.
 B = Non-inter-level travel time spent in this place.
 C = Inter-level travel time spent in this place.
 D = Time resting spent in this place.
 E = Time spent auto-exploring this place.
 F = Levels seen in this place.
 G = Mean time per level.
                   A        B        C        D        E       F      G
               +--------+--------+--------+--------+--------+-----+--------+
         Total |   4652 |   4561 |     91 |    497 |   2821 |   5 |  930.4 |
       Dungeon |   4652 |   4561 |     91 |    497 |   2821 |   5 |  930.4 |
               +--------+--------+--------+--------+--------+-----+--------+

Top non-repeatable levels by time:
     D:4: 1473 daAuts
     D:5: 1037 daAuts
     D:3: 810 daAuts
     D:1: 717 daAuts
     D:2: 613 daAuts
